 Dungeon Crawl Stone Soup version 0.31-a0-303-gdc8c9485ea (webtiles) character file.

Game seed: 2864449102763212844

1290 Monkooky the Slicer (level 8, 0/67 HPs)
             Began as a Kobold Shapeshifter on July 16, 2023.
             Succumbed to a water moccasin's poison
             ... on level 5 of the Dungeon.
             The game lasted 00:09:56 (4863 turns).

Monkooky the Slicer (Kobold Shapeshifter)           Turns: 4863, Time: 00:09:56

Health: 0/67       AC: 11    Str: 13    XL:     8   Next: 86%
Magic:  5/8        EV: 13    Int:  9    God:
Gold:   276        SH:  0    Dex: 17    Spells: 7/7 levels left

rFire   . . .        h - +0 rapier
rCold   . . .        (no shield)
rNeg    . . .        g - +0 ring mail
rPois   .            q - +2 hat
rElec   .            d - +0 cloak
rCorr   .            (no gloves)
SInv    +            o - +2 pair of boots
Will    .....        b - amulet of guardian spirit Stlth
                     l - ring of see invisible
HPRegen 0.31/turn    (no ring)
MPRegen 0.11/turn

%: guardian spirit
@: berserking, lethally poisoned (0 -> -9), attractive, hasted, very quick
A: small, no large weapons, nightstalker 3
a: no special abilities


You were on level 5 of the Dungeon.
You visited 2 branches of the dungeon, and saw 6 of its levels.

You collected 276 gold pieces.

Inventory:

Hand Weapons
 h - a +0 rapier (weapon)
Missiles
 m - 2 poisoned darts
Armour
 a - a +0 animal skin
 d - a +0 cloak (worn)
 g - a +0 ring mail (worn)
 o - a +2 pair of boots (worn)
 q - a +2 hat (worn)
 w - a scarf of invisibility
Jewellery
 b - an amulet of guardian spirit (around neck)
 l - a ring of see invisible (left hand)
 y - a ring of ice
 A - an amulet of magic regeneration
Talismans
 c - a beast talisman
Wands
 k - a wand of digging (8)
 n - a wand of quicksilver (9)
 s - a wand of charming (9)
Scrolls
 f - 2 scrolls of fear {unknown}
 j - 2 scrolls of teleportation {unknown}
 v - a scroll of immolation
 x - a scroll of poison
Potions
 r - a potion of resistance {unknown}
 t - a potion of haste
 u - a potion of ambrosia {unknown}
 z - a potion of curing {unknown}


   Skills:
 - Level 2.7 Fighting
 + Level 12.6 Short Blades
 - Level 2.4 Dodging
 - Level 2.4 Unarmed Combat
 - Level 3.0 Shapeshifting


You had 7 spell levels left.
You didn't know any spells.
Your spell library contained the following spells:

 Spells                   Type           Power      Damage    Failure   Level
 Freeze                   Ice            0%         1d3       65%         1
 Frozen Ramparts          Ice            0%         1d1       95%         3
 Hailstorm                Conj/Ice       0%         3d3       95%         3
 Portal Projectile        Hex/Tloc       0%         N/A       95%         3
 Tukima's Dance           Hex            0%         N/A       95%         3
 Iskenderun's Mystic Bla  Conj/Tloc      0%         2d3       100%        4


Dungeon Overview and Level Annotations

Branches:
Dungeon (5/15)             Temple (1/1) D:5

Altars:
Ashenzari
Cheibriados
Dithmenos
Elyvilon
Fedhas
Hepliaklqana
Kikubaaqudgha
Makhleb
Nemelex Xobeh
Okawaru
Qazlal
Ru
Trog
Vehumet
Wu Jian
Xom
The Shining One


Innate Abilities, Weirdness & Mutations

You are small and have problems with some larger weapons.
You are completely attuned to the shadows.


Message History

You are lethally poisoned!
The water moccasin poisons you!
You closely miss the water moccasin.
The water moccasin is severely wounded.
You feel very sick. The water moccasin barely misses you.
You hit the water moccasin.
The water moccasin is almost dead.
* * * LOW HITPOINT WARNING * * *
You feel very sick. The water moccasin bites you.
* * * LOW HITPOINT WARNING * * *
It was a potion of haste.
You feel yourself speed up.
* * * LOW HITPOINT WARNING * * *
You feel very sick. The water moccasin barely misses you.
It was a potion of attraction.
You feel attractive to monsters.
* * * LOW HITPOINT WARNING * * *
You feel sick.
The water moccasin bites you but does no damage.
It was a potion of berserk rage.
A red film seems to cover your vision as you go berserk!
You feel yourself moving faster!
You feel mighty!
* * * LOW HITPOINT WARNING * * *
You feel very sick. The water moccasin barely misses you.
Unknown command.
You puncture the water moccasin!
You kill the water moccasin!
* * * LOW HITPOINT WARNING * * *
You feel sick.
You are too berserk!
* * * LOW HITPOINT WARNING * * *
You feel sick.
You barely miss the orc priest.
* * * LOW HITPOINT WARNING * * *
You feel sick.
You hit the orc priest but do no damage.
You die...

.....###........##
..##.....###.....#
.. #....##.##..##.
##...#._.#...##
...####.####..#
..## #'#..##.#
+.)...#.##
#o##.##..#
#.#@###..##
o..#.....##
...###.#..#
.#.....#.##
.##.##.# .. ...
##.


You could see an orc priest.

Vanquished Creatures
  Pikel (D:4)
  Eustachio (D:5)
  A water moccasin (D:5)
  3 lemures (D:4)
  An ogre (D:5)
  Blork the orc (D:5)
  A vampire bat (D:3)
  2 hounds (D:4)
  2 orc priests
  Ijyb (D:3)
  An orc wizard (D:4)
  4 adders
  An ufetubus (D:4)
  A worm (D:4)
  3 dart slugs
  3 fire bats (D:3)
  15 orcs
  2 spectral bats (D:3)
  3 bat skeletons (D:3)
  A bat zombie (D:3)
  6 endoplasms
  5 giant cockroaches
  3 goblins
  6 hobgoblins
  8 ball pythons
  16 bats
  A bat simulacrum (D:3)
  12 kobolds
  9 rats
114 creatures vanquished.

Notes
Turn   | Place    | Note
-------+----------+-------------------------------------------
     0 | D:1      | Monkooky the Kobold Shapeshifter began the quest for the
                  | Orb.
     0 | D:1      | Reached XP level 1. HP: 12/12 MP: 1/1
   157 | D:1      | Reached XP level 2. HP: 15/18 MP: 2/2
   668 | D:1      | Reached skill level 1 in Short Blades
   830 | D:1      | Reached XP level 3. HP: 22/22 MP: 3/3
  1059 | D:1      | Reached skill level 2 in Short Blades
  1482 | D:2      | Reached skill level 3 in Short Blades
  1607 | D:2      | Reached XP level 4. HP: 27/27 MP: 4/4
  2352 | D:3      | Reached skill level 4 in Short Blades
  2597 | D:3      | Noticed Ijyb
  2617 | D:3      | Killed Ijyb
  2618 | D:3      | Reached XP level 5. HP: 31/31 MP: 5/5
  2865 | D:3      | Reached skill level 5 in Short Blades
  2906 | D:3      | Reached skill level 6 in Short Blades
  2907 | D:3      | Reached XP level 6. HP: 36/36 MP: 6/6
  2933 | D:3      | Reached skill level 7 in Short Blades
  3424 | D:4      | Noticed Pikel
  3440 | D:4      | Killed Pikel
  3441 | D:4      | Reached skill level 10 in Short Blades
  3441 | D:4      | Reached XP level 7. HP: 21/40 MP: 7/7
  3441 | D:4      | Reached XP level 8. HP: 24/45 MP: 8/8
  3901 | D:4      | Reached skill level 11 in Short Blades
  4306 | D:5      | Entered Level 5 of the Dungeon
  4341 | D:5      | Noticed Blork the orc
  4353 | D:5      | Killed Blork the orc
  4461 | D:5      | Found a staircase to the Ecumenical Temple.
  4467 | Temple   | Entered the Ecumenical Temple
  4719 | D:5      | Noticed Eustachio
  4734 | D:5      | Killed Eustachio
  4831 | D:5      | Found a sparkling altar of Nemelex Xobeh.
  4842 | D:5      | Reached skill level 12 in Short Blades
  4861 | D:5      | HP: 2/67 [poisoned by a water moccasin]
  4863 | D:5      | Succumbed to a water moccasin's poison

Illustrated notes

Levels and vault maps discovered:
D:1:      scummos_arrival_simple_fountains, layout_basic, minivault_19
D:2:      layout_loops_cross
D:3:      layout_loops_cross, goddamned_bats, uniq_ijyb
D:4:      layout_rooms, st_stairs_3, minivault_11, minivault_19, uniq_pikel
D:5:      layout_layer_cave, nemelex_dance_club_becter,
          minmay_temple_entry_statues_pillars, chequers_serial_rivers_micro_a,
          uniq_sigmund, uniq_blork_the_orc, uniq_eustachio
Temple:   eino_temple_scatter_basement

Skill      XL: |  1  2  3  4  5  6  7  8 |
---------------+-------------------------+-----
Short Blades   | 1 3 4 6 10 12 | 12.6
Fighting       | |  2.7
Dodging        | |  2.4
Unarmed Combat | |  2.4
Shapeshifting  | |  3.0

Action                     |  1- 3 |  4- 6 |  7- 9 || total
---------------------------+-------+-------+-------++-------
  Melee: Unarmed           |    22 |    81 |     4 ||   107
         Rapier            |    68 |   143 |   160 ||   371
         Punch             |     1 |     3 |     5 ||     9
    Use: Potion            |       |     5 |     3 ||     8
         Scroll            |       |       |     4 ||     4
   Stab: Sleeping          |    12 |     4 |     2 ||    18
         Distracted        |       |     2 |     1 ||     3
 Armour: Ring mail         |    20 |    70 |    38 ||   128
         Animal skin       |     1 |       |       ||     1
         Skin              |       |   146 |     3 ||   149
  Dodge: Dodged            |    56 |   150 |    79 ||   285
         Form:             |       |     1 |       ||     1

Table legend: (Time is in decaauts)
 A = Elapsed time spent in this place.
 B = Non-inter-level travel time spent in this place.
 C = Inter-level travel time spent in this place.
 D = Time resting spent in this place.
 E = Time spent auto-exploring this place.
 F = Levels seen in this place.
 G = Mean time per level.
                   A        B        C        D        E       F      G
               +--------+--------+--------+--------+--------+-----+--------+
         Total |   4783 |   4545 |    238 |    209 |   3353 |   6 |  797.2 |
       Dungeon |   4573 |   4335 |    238 |    209 |   3186 |   5 |  914.6 |
        Temple |    209 |    209 |      0 |      0 |    167 |   1 |  209.0 |
               +--------+--------+--------+--------+--------+-----+--------+

Top non-repeatable levels by time:
     D:1: 1295 daAuts
     D:4: 1226 daAuts
     D:3: 977 daAuts
     D:2: 756 daAuts
     D:5: 318 daAuts
  Temple: 209 daAuts
